 Dungeon Crawl Stone Soup version 0.23.2-30-g0e89c35649 (webtiles) character file.

Game seed: 9748645184651976737

259 Folque the Gusty (level 6, -1/32 HPs)
             Began as a Tengu Air Elementalist on June 20, 2019.
             Slain by Grinder (7 damage)
             ... on level 3 of the Dungeon.
             The game lasted 00:09:56 (2832 turns).

Folque the Gusty (Tengu Air Elementalist)           Turns: 2832, Time: 00:09:57

Health: -1/32      AC:  4    Str:  9    XL:     6   Next: 17%
Magic:  5/13       EV: 12    Int: 17    God:
Gold:   109        SH:  0    Dex: 14    Spells: 2/13 levels left

rFire    . . .     SeeInvis .   t - +2 spear (venom)
rCold    + . .     Gourm    .   (no shield)
rNeg     . . .     Faith    .   a - +0 robe
rPois    +         Spirit   .   (helmet restricted)
rElec    .         Reflect  .   s - +0 cloak
rCorr    .         Harm     .   f - +0 pair of gloves
MR       .....                  (boots unavailable)
Stlth    ++........             (no amulet)
HPRegen  0.10/turn              o - ring of poison resistance
MPRegen  0.13/turn              i - ring of protection from cold

@: very slightly contaminated
A: beak, talons 3, able to fly
a: Fly


You were on level 3 of the Dungeon.
You were hungry.

You visited 1 branch of the dungeon, and saw 3 of its levels.

You collected 109 gold pieces.

Inventory:

Hand Weapons
 j - a +0 short sword
 q - a +1 dagger of speed
 t - a +2 spear of venom (weapon)
Missiles
 n - 13 poisoned needles
Armour
 a - a +0 robe (worn)
 f - a +0 pair of gloves (worn)
 h - a +0 buckler
 s - a +0 cloak (worn)
Jewellery
 i - a ring of protection from cold (right hand)
 o - a ring of poison resistance (left hand)
Potions
 b - 2 potions of curing
 d - a potion of invisibility {unknown}
 e - a potion of agility {unknown}
 k - a potion of resistance {unknown}
 r - a potion of flight
Comestibles
 c - 7 rations


   Skills:
 - Level 2.1 Dodging
 - Level 2.0 Stealth
 + Level 4.2 Spellcasting
 + Level 4.2 Conjurations
 * Level 5.5 Air Magic


You had 2 spell levels left.
You knew the following spells:

 Your Spells              Type           Power        Failure   Level  Hunger
a - Shock                 Conj/Air       ###.         1%          1    None
b - Swiftness             Chrm/Air       ##......     8%          2    ##.....
c - Static Discharge      Conj/Air       ###.....     6%          3    ###....
d - Lightning Bolt        Conj/Air       ###.......   50%         5    ######.

Your spell library contained the following spells:

 Spells                   Type           Power        Failure   Level  Hunger
 Beastly Appendage        Tmut           #.....       16%         1    None
 Sticks to Snakes         Tmut           #.......     24%         2    ##.....
 Airstrike                Air            ###.......   16%         4    ####...
 Spider Form              Tmut/Pois      #.........   43%         3    ###....
 Ice Form                 Ice/Tmut       #.......     83%         4    ####...
 Blade Hands              Tmut           #.........   99%         5    ######.


Dungeon Overview and Level Annotations

Branches:
Dungeon (3/15)

Altars:

Annotations:
D:3 Grinder


Innate Abilities, Weirdness & Mutations

You have a beak for a mouth.
You have claws for feet.
You can fly continuously.


Message History

You barely miss Grinder. You claw Grinder, but do no damage.
Grinder is heavily wounded.
Grinder barely misses you.
You barely miss Grinder.
Grinder is heavily wounded.
Grinder blinks!
Grinder gestures at you.
You suddenly lose the ability to move!
Grinder gestures at you. Pain shoots through your body!
The kobold hits you but does no damage. The kobold hits you but does no damage.
Grinder hits you!
* * * LOW HITPOINT WARNING * * *
You writhe in agony.
* * * LOW HITPOINT WARNING * * *
The kobold hits you but does no damage. Grinder barely misses you.
The kobold hits you but does no damage.
You can move again.
Grinder hits you!
You die...

#.#[# ....# ..#.# ..#.#
..#.# ### ###.# #.. ....#
#.# ##### ####### #.#
#...# ).....# #.# #.#@#
#####.####.###.#5######.#
................K.w......
#####.####.###.#.######..
#.####.###.#.#
#........#.#.#
######.#.....#.#.#
.....#.#.....#.#.#
≈≈≈≈...#8..8.#.#.#


You could see Grinder and a kobold.

Vanquished Creatures
  A hound (D:2)
  An orc priest (D:3)
  Crazy Yiuf (D:3)
  An orc wizard (D:3)
  A hound skeleton (D:3)
  Robin (D:2)
  3 adders (D:2)
  2 oozes
  A worm (D:2)
  2 dart slugs
  3 leopard geckos (D:1)
  7 orcs (D:3)
  A ball python (D:1)
  5 bats
  2 giant cockroaches
  11 goblins
  10 hobgoblins
  2 kobolds
  5 frilled lizards
  4 rats
64 creatures vanquished.

Notes
Turn   | Place    | Note
-------+----------+-------------------------------------------
     0 | D:1      | Folque the Tengu Air Elementalist began the quest for the
                  | Orb.
     0 | D:1      | Reached XP level 1. HP: 10/10 MP: 4/4
    93 | D:1      | Reached XP level 2. HP: 15/15 MP: 3/6
   375 | D:1      | Reached XP level 3. HP: 19/19 MP: 4/8
   594 | D:2      | Noticed Robin
   604 | D:2      | Killed Robin
   930 | D:2      | Reached XP level 4. HP: 21/24 MP: 8/10
  1419 | D:2      | Learned a level 2 spell: Swiftness
  1423 | D:2      | Learned a level 3 spell: Static Discharge
  1586 | D:2      | Gained mutation: You can fly continuously. [Tengu growth]
  1586 | D:2      | Reached XP level 5. HP: 14/28 MP: 2/11
  2133 | D:2      | Learned a level 5 spell: Lightning Bolt
  2450 | D:3      | Reached skill level 5 in Air Magic
  2489 | D:3      | Reached XP level 6. HP: 18/32 MP: 5/13
  2512 | D:3      | Found a runed translucent door.
  2513 | D:3      | Noticed Crazy Yiuf
  2625 | D:3      | Killed Crazy Yiuf
  2812 | D:3      | Noticed Grinder
  2816 | D:3      | Paralysed by Grinder for 5 turns
  2822 | D:3      | HP: 1/32 [Grinder/nerve-wracking pain (10)]
  2827 | D:3      | Paralysed by Grinder for 5 turns
  2832 | D:3      | Slain by Grinder

Skill      XL: |  1  2  3  4  5 |
---------------+----------------+-----
Conjurations   | 2 3 4 |  4.2
Spellcasting   | 3 4 |  4.2
Air Magic      | 5 |  5.5
Dodging        | |  2.1
Stealth        | |  2.0

Action                   |  1- 3 |  4- 6 || total
-------------------------+-------+-------++-------
Melee: Unarmed           |     5 |       ||     5
       Peck              |     3 |     3 ||     6
       Kick              |     3 |     9 ||    12
       Short sword       |    16 |    20 ||    36
       Dagger            |       |    19 ||    19
       Spear             |       |     3 ||     3
 Cast: Shock             |    31 |    41 ||    72
       Static Discharge  |       |     8 ||     8
  Use: Scroll            |       |     5 ||     5
       Potion            |       |     2 ||     2
 Stab: Sleeping          |       |     1 ||     1
  Eat: Chunk             |       |     6 ||     6
Armor: Robe              |     4 |    10 ||    14
Dodge: Dodged            |    13 |    38 ||    51
